 Dungeon Sprint DCSS version 0.29.1-2-gbd0b4ee654 (webtiles) character file.

Game seed: 10293043878133205257

6600000 raph the Axe Maniac (level 27, -6/228 HPs)
             Began as a Djinni Warper on Nov 30, 2022.
             Was the Champion of Makhleb.
             Mangled by a destroyer
             ... wielding a +9 vorpal great sword
              (192 damage)
             ... in the Dungeon (Sprint VIII: "Arena of Blood").
             The game lasted 00:05:04 (66 turns).

raph the Axe Maniac (Djinni Warper)                   Turns: 66, Time: 00:05:04

Health: -6/228     AC:  6    Str: 14    XL:     27
Gold:   0          EV: 33    Int: 17    God:    Makhleb [******] SH:  0 Dex: 21

rFire   + + .      SeeInvis .   i - +∞ Axe of Woe
rCold   x . .      Faith    .   (shield currently unavailable)
rNeg    . . .      Spirit   .   b - +0 leather armour
rPois   ∞          Reflect  .   (no helmet)
rElec   .          Harm     .   (no cloak)
rCorr   .          Rampage  .   (no gloves)
Will    ++...      NoTele   +   (boots unavailable)
Stlth   ++++++++++              (no amulet)
HPRegen 0.48/turn               j - +30 ring of slaying
MPRegen 0.00/turn               k - +200 ring of slaying

@: death channelling, flying, slowed, very slow
A: sickness immunity, fire resistance 2, cold vulnerability 1, float, innate
caster, HP casting, extra vitality 1
a: Renounce Religion, Minor Destruction, Lesser Servant of Makhleb, Major
Destruction, Greater Servant of Makhleb


You were in the Dungeon.
You worshipped Makhleb.
Makhleb was exalted by your worship.
You visited 1 branch

Inventory:

Hand Weapons
 a - a +0 hand axe
 i - the +∞ Axe of Woe (weapon)
   (You found it in the Dungeon)
Missiles
 d - 7 boomerangs of dispersal (quivered)
Armour
 b - a +0 leather armour (worn)
Jewellery
 j - a +30 ring of slaying (left hand)
 k - a +200 ring of slaying (right hand)
Scrolls
 c - 2 scrolls of blinking
Potions
 e - a potion of curing
 f - a potion of heal wounds
 g - a potion of haste
 h - a potion of berserk rage


   Skills:
 O Level 27 Fighting
 + Level 25.9(27) Short Blades
 + Level 25.9(27) Long Blades
 O Level 27 Axes
 O Level 27 Maces & Flails
 O Level 27 Polearms
 O Level 27 Staves
 + Level 24.0 Ranged Weapons
 O Level 27 Throwing
 O Level 27 Armour
 O Level 27 Dodging
 O Level 27 Stealth
 O Level 27 Shields
 O Level 27 Unarmed Combat
 O Level 27 Spellcasting
 O Level 27 Invocations
 O Level 27 Evocations


You couldn't memorise any spells.
You knew the following spells:

 Your Spells              Type           Power      Damage    Failure   Level
a - Blink                 Tloc           100%       N/A       0%          2
b - Lesser Beckoning      Tloc           86%        N/A       0%          3
c - Gell's Gravitas       Tloc           86%        N/A       0%          3
d - Teleport Other        Tloc           86%        N/A       0%          3
e - Manifold Assault      Tloc           86%        N/A       0%          5
f - Magic Dart            Conj           100%       1d8       0%          1
g - Passwall              Tmut/Erth      71%        N/A       0%          2
h - Swiftness             Air            86%        N/A       0%          3
i - Leda's Liquefaction   Hex/Erth       43%        N/A       0%          4
j - Anguish               Hex/Necr       43%        N/A       0%          4
k - Irradiate             Conj/Tmut      43%        3d26      0%          5
l - Dispersal             Tloc           43%        N/A       0%          6
m - Death Channel         Necr           43%        N/A       0%          6
n - Starburst             Conj/Fire      43%        6d12      0%          6
o - Ozocubu's Refrigerat  Ice            43%        4d17      1%          7
p - Summon Horrible Thin  Summ           43%        N/A       1%          8
q - Disjunction           Tloc           43%        N/A       1%          8
r - Polar Vortex          Ice            43%        N/A       2%          9
Your spell library was empty.

Dungeon Overview and Level Annotations

Branches:
Dungeon (1/1)

Altars:
Makhleb

Annotations:
D The Captor


Innate Abilities, Weirdness & Mutations

You are immune to sickness and miasma.
You are immune to poison.
Your flesh is very heat resistant. (rF++)
You are vulnerable to cold. (rC-)
You float through the air rather than walking.
You learn spells naturally, not from books.
Your magical power is your life essence.
You have superior vitality. (+4 MHP)


Message History

A bag of meat and a large bag of meat come into view.
Casting: Manifold Assault (safe; 0% risk of failure)
Confirm with . or Enter, or press ? or * to list all spells.
You blink. 5 bags of meat, an accursed, 2 destroyers and a meat beast come into view.
A destroyer is wielding a +9 vorpal great sword.
A destroyer is wielding a +9 vorpal great sword.
The meat beast is engulfed in blazing flames.
You hear a shout!
The meat beast hisses, "Capitulate, thou paunchy weevil-witted varlet!"
The meat berserker hits your spectral meat berserker with a +9 battleaxe!!!!
Your spectral meat berserker is destroyed!
The meat berserker hits your spectral large bag of meat with a +9 battleaxe!!
The destroyer casts a spell at you.
The destroyer blinks!
The sculptor of flesh is engulfed in blazing flames.
Your spectral large bag of meat hits the meat berserker!!
Your spectral large bag of meat drains the meat berserker.
Your spectral large bag of meat hits the meat berserker.
The meat berserker misses you.
You hear a shout!
A bag of meat comes into view. It is wielding a +9 war axe.
The dread is engulfed in blazing flames.
The destroyer points at you and mumbles some strange words.
The destroyer blinks!
The bag of meat is engulfed in blazing flames.
A bag of meat comes into view. It is wielding a +9 war axe.
You hear a shout! x2
Your spectral bag of meat completely misses the bag of meat.
A bag of meat comes into view. It is wielding a +9 war axe.
The meat berserker is engulfed in blazing flames.
Your spectral bag of meat is engulfed in blazing flames.
Your spectral bag of meat hits the meat berserker but does no damage.
The meat berserker is engulfed in blazing flames.
The accursed casts a spell at you. Something smites you!
The large abomination completely misses you.
You hear a shout!
The destroyer hits you with a +9 vorpal great sword!!!!!
Ouch! That really hurt!
You die... ...O.)§§§###)..... ..o.###°○)§Z.Z###. ..ooXo#OOZ.o.o# . .
Xo.o#))OX).)#.. oVOXzX)2.ooOoZ.

o.o2§)@L§......
...○.W.V...oO..
...)O.VOozo.o#
...#.ZM@oO..#
........X....#
..##.#......§..
.. ....M...o.
#. ..#.....###
.. ...........
. .............
..............


You could see 2 accurseds, 2 tentacled monstrosities, 2 meat beasts, a tyrant
(fast), 3 destroyers, 2 sculptors of flesh, 3 large bags of meat, 4 large
abominations, a dread, 6 meat berserkers, The Captor (fast), 20 bags of meat, 2
friendly spectral bags of meat, 2 friendly spectral meat berserkers and a
friendly spectral large bag of meat.

Vanquished Creatures
  A royal mummy (D)
  8 vampire knights (D)
  28 ogres (D)
  6 two-headed ogres (D)
  A lich (D)
  38 orcs (D)
  6 skeletal warriors (D)
88 creatures vanquished.

Notes
Turn   | Place    | Note
-------+----------+-------------------------------------------
     0 | D        | Found the +∞ Axe of Woe
     0 | D        | raph the Djinni Warper began the quest for the Orb.
     0 | D        | raph set off with the following spells memorised: Blink,
                  | Lesser Beckoning, Gell's Gravitas, Teleport Other, Manifold
                  | Assault.
     0 | D        | Reached XP level 1. HP: 18/18 MP: 0/0
     2 | D        | Noticed a bag of meat
     4 | D        | Became a worshipper of Makhleb the Destroyer
     4 | D        | Noticed a bag of meat
     4 | D        | Noticed a bag of meat
     7 | D        | Killed a bag of meat
     7 | D        | Noticed a bag of meat
     8 | D        | Reached XP level 2. HP: 23/23 MP: 0/0
     8 | D        | Reached XP level 3. HP: 28/28 MP: 0/0
     8 | D        | Learned a level 1 spell: Magic Dart
     8 | D        | Reached XP level 4. HP: 33/33 MP: 0/0
     8 | D        | Reached XP level 5. HP: 38/38 MP: 0/0
     8 | D        | Learned a level 2 spell: Passwall
     8 | D        | Reached XP level 6. HP: 43/43 MP: 0/0
     8 | D        | Reached XP level 7. HP: 49/49 MP: 0/0
     8 | D        | Learned a level 3 spell: Swiftness
     8 | D        | Reached XP level 8. HP: 54/54 MP: 0/0
     8 | D        | Reached XP level 9. HP: 58/58 MP: 0/0
     8 | D        | Learned a level 4 spell: Leda's Liquefaction
     8 | D        | Reached XP level 10. HP: 64/64 MP: 0/0
     8 | D        | Reached XP level 11. HP: 68/68 MP: 0/0
     8 | D        | Learned a level 4 spell: Anguish
     8 | D        | Killed a bag of meat
     8 | D        | Reached * piety under Makhleb
     9 | D        | Reached XP level 12. HP: 74/74 MP: 0/0
    10 | D        | Killed a bag of meat
    11 | D        | Reached XP level 13. HP: 78/78 MP: 0/0
    11 | D        | Learned a level 5 spell: Irradiate
    11 | D        | Killed a bag of meat
    12 | D        | Reached skill level 27 in Axes
    12 | D        | Reached skill level 5 in Fighting
    12 | D        | Noticed a bag of meat
    12 | D        | Noticed a bag of meat
    12 | D        | Noticed a bag of meat
    14 | D        | Killed a bag of meat
    14 | D        | Reached ** piety under Makhleb
    14 | D        | Noticed a meat berserker
    15 | D        | Reached XP level 14. HP: 95/101 MP: 0/0
    15 | D        | Noticed a meat berserker
    16 | D        | Killed a meat berserker
    16 | D        | Noticed a meat berserker
    17 | D        | Noticed a bag of meat
    18 | D        | Killed a bag of meat
    18 | D        | Noticed a meat berserker
    19 | D        | Reached XP level 15. HP: 116/116 MP: 0/0
    19 | D        | Learned a level 6 spell: Dispersal
    19 | D        | Reached *** piety under Makhleb
    20 | D        | Killed a meat berserker
    21 | D        | Reached **** piety under Makhleb
    22 | D        | Reached XP level 16. HP: 132/132 MP: 0/0
    22 | D        | Killed a meat berserker
    22 | D        | Noticed a large bag of meat
    22 | D        | Noticed a large bag of meat
    23 | D        | Reached skill level 27 in Dodging
    23 | D        | Reached XP level 17. HP: 141/141 MP: 0/0
    23 | D        | Learned a level 6 spell: Death Channel
    23 | D        | Noticed a large bag of meat
    24 | D        | Killed a large bag of meat
    24 | D        | Killed a large bag of meat
    24 | D        | Reached ***** piety under Makhleb
    25 | D        | Killed a meat berserker
    26 | D        | Reached XP level 18. HP: 160/160 MP: 0/0
    29 | D        | Killed a large bag of meat
    29 | D        | Noticed a meat berserker
    29 | D        | Noticed a meat berserker
    30 | D        | Reached XP level 19. HP: 45/173 MP: 0/0
    30 | D        | Learned a level 6 spell: Starburst
    30 | D        | Killed a meat berserker
    30 | D        | Reached ****** piety under Makhleb
    30 | D        | Killed a meat berserker
    31 | D        | Reached skill level 27 in Fighting
    31 | D        | Reached skill level 27 in Spellcasting
    31 | D        | Reached skill level 10 in Stealth
    31 | D        | Noticed a meat berserker
    33 | D        | Reached skill level 10 in Throwing
    33 | D        | Noticed a meat berserker
    34 | D        | Reached XP level 20. HP: 170/181 MP: 0/0
    34 | D        | Noticed a meat berserker
    34 | D        | Noticed a meat berserker
    34 | D        | Noticed a meat berserker
    34 | D        | Noticed a meat berserker
    36 | D        | Noticed a large bag of meat
    36 | D        | Noticed a meat berserker
    36 | D        | Noticed a meat berserker
    36 | D        | Noticed a meat berserker
    37 | D        | Noticed a meat berserker
    38 | D        | Killed a meat berserker
    38 | D        | Killed a meat berserker
    38 | D        | Killed a meat berserker
    39 | D        | Reached skill level 15 in Throwing
    39 | D        | Killed a meat berserker
    39 | D        | Killed a meat berserker
    40 | D        | Reached XP level 21. HP: 187/187 MP: 0/0
    40 | D        | Learned a level 7 spell: Ozocubu's Refrigeration
    40 | D        | Killed a meat berserker
    40 | D        | Killed a meat berserker
    40 | D        | Noticed a meat berserker
    40 | D        | Noticed a meat berserker
    41 | D        | Reached XP level 22. HP: 194/194 MP: 0/0
    41 | D        | Killed a meat berserker
    41 | D        | Noticed a meat berserker
    41 | D        | Noticed a meat berserker
    41 | D        | Noticed a meat berserker
    42 | D        | Killed a meat berserker
    42 | D        | Killed a meat berserker
    43 | D        | Reached skill level 27 in Throwing
    43 | D        | Reached skill level 27 in Armour
    43 | D        | Reached skill level 27 in Stealth
    43 | D        | Reached skill level 27 in Invocations
    43 | D        | Reached skill level 5 in Maces & Flails
    43 | D        | Reached XP level 23. HP: 201/201 MP: 0/0
    43 | D        | Learned a level 8 spell: Summon Horrible Things
    43 | D        | Noticed a destroyer
    43 | D        | Noticed a destroyer
    43 | D        | Killed a destroyer
    44 | D        | Noticed a destroyer
    44 | D        | Killed a large bag of meat
    44 | D        | Noticed a destroyer
    45 | D        | Reached XP level 24. HP: 208/208 MP: 0/0
    45 | D        | Noticed a destroyer
    45 | D        | Noticed a destroyer
    45 | D        | Noticed a destroyer
    45 | D        | Killed a destroyer
    45 | D        | Killed a destroyer
    45 | D        | Noticed a large bag of meat
    46 | D        | Reached skill level 27 in Maces & Flails
    46 | D        | Reached skill level 27 in Unarmed Combat
    46 | D        | Reached XP level 25. HP: 214/214 MP: 0/0
    46 | D        | Learned a level 8 spell: Disjunction
    46 | D        | Noticed a large bag of meat
    46 | D        | Killed a destroyer
    48 | D        | Noticed a destroyer
    48 | D        | Killed a destroyer
    48 | D        | Killed a destroyer
    48 | D        | Noticed a large bag of meat
    49 | D        | Reached XP level 26. HP: 221/221 MP: 0/0
    51 | D        | Reached skill level 27 in Polearms
    51 | D        | Reached skill level 27 in Staves
    51 | D        | Reached skill level 1 in Short Blades
    51 | D        | Reached skill level 1 in Long Blades
    51 | D        | Reached skill level 1 in Ranged Weapons
    51 | D        | Reached skill level 1 in Shields
    51 | D        | Reached skill level 1 in Evocations
    52 | D        | Killed a large bag of meat
    52 | D        | Killed a destroyer
    52 | D        | Noticed a tyrant
    53 | D        | Reached skill level 10 in Ranged Weapons
    53 | D        | Noticed a large bag of meat
    54 | D        | Reached skill level 15 in Short Blades
    54 | D        | Reached skill level 15 in Long Blades
    54 | D        | Reached XP level 27. HP: 228/228 MP: 0/0
    54 | D        | Learned a level 9 spell: Polar Vortex
    54 | D        | Noticed a tyrant
    56 | D        | Reached skill level 15 in Ranged Weapons
    57 | D        | Noticed a destroyer
    59 | D        | Noticed an accursed
    60 | D        | Killed a tyrant
    60 | D        | Noticed a large bag of meat
    61 | D        | Noticed an accursed
    61 | D        | Killed a destroyer
    61 | D        | Noticed The Captor
    62 | D        | Noticed a large bag of meat
    62 | D        | Noticed a meat beast
    63 | D        | Noticed a dread
    64 | D        | Killed an accursed
    65 | D        | Noticed a destroyer
    65 | D        | Killed a large bag of meat
    65 | D        | Noticed a large bag of meat
    66 | D        | Reached skill level 27 in Shields
    66 | D        | Reached skill level 27 in Evocations
    66 | D        | Noticed a large bag of meat
    66 | D        | Noticed a destroyer
    66 | D        | Noticed an accursed
    66 | D        | Noticed a destroyer
    66 | D        | Noticed a meat beast
    66 | D        | Mangled by a destroyer

Illustrated notes

Levels and vault maps discovered:
D:        meatsprint

Skill      XL: |  1  2  3  4  5  6  7  8  9 10 11 12 13 14 15 16 17 18 19 20 21 22 23 24 25 26 27 |
---------------+----------------------------------------------------------------------------------+-----
Axes           | 21 24 26 27 | 27.0
Fighting       | 9 13 17 19 24 26 27 | 27.0
Dodging        | 13 20 26 27 | 27.0
Spellcasting   | 6 14 16 23 26 27 | 27.0
Throwing       | 11 18 21 27 | 27.0
Armour         | 13 21 24 27 | 27.0
Stealth        | 12 20 22 27 | 27.0
Invocations    | 13 21 24 27 | 27.0
Maces & Flails | 5 22 27 | 27.0
Unarmed Combat | 6 25 27 | 27.0
Polearms       | 13 24 27 | 27.0
Staves         | 14 26 27 | 27.0
Short Blades   | 15 25 | 25.9
Long Blades    | 15 25 | 25.9
Ranged Weapons | 13 24 | 24.0
Shields        | 16 27 | 27.0
Evocations     | 16 27 | 27.0

Action                   |  1- 3 |  4- 6 |  7- 9 | 10-12 | 13-15 | 16-18 | 19-21 | 22-24 | 25-27 || total
-------------------------+-------+-------+-------+-------+-------+-------+-------+-------+-------++-------
Melee: Executioner's axe |     1 |       |       |     2 |     9 |     9 |    16 |    20 |    30 ||    87
 Cast: Manifold Assault  |       |       |       |       |     1 |     2 |     4 |     5 |     5 ||    17
       Death Channel     |       |       |       |       |       |     1 |       |       |       ||     1
       Blink             |       |       |       |       |       |       |       |       |     1 ||     1
       Disjunction       |       |       |       |       |       |       |       |       |     1 ||     1
 Stab: Distracted        |       |       |       |       |       |       |       |       |     1 ||     1
Dodge: Dodged            |       |       |       |       |       |     1 |       |       |     3 ||     4
